 Dungeon Crawl Stone Soup version 0.28-a0-750-g7c675f85b1 (webtiles) character file.

Game seed: 12323740310058048715

1011 KoroneIsBestGirl the Chiller (level 8, -2/70 HPs)
             Began as an Ogre Ice Elementalist on Oct 29, 2021.
             Slain by a centaur (3 damage)
             ... on level 7 of the Dungeon.
             The game lasted 00:10:09 (6899 turns).

KoroneIsBestGirl the Chiller (OgIE)                 Turns: 6899, Time: 00:10:09

Health: -2/70      AC:  1    Str: 13    XL:     8   Next: 21%
Magic:  15/15      EV: 10    Int: 18    God:
Gold:   312        SH:  0    Dex:  9    Spells: 12/16 levels left

rFire   . . .      SeeInvis .   g - +3 trident
rCold   . . .      Faith    .   (no shield)
rNeg    . . .      Spirit   .   (armour restricted)
rPois   .          Reflect  .   (helmet restricted)
rElec   .          Harm     .   (no cloak)
rCorr   .          Rampage  .   (gloves unavailable)
Will    .....                   (boots unavailable)
Stlth   +.........              (no amulet)
HPRegen 0.21/turn               f - +4 ring of slaying
MPRegen 0.14/turn               (no ring)

@: no status effects
A: large, unfitting armour, tough skin 1, wild magic 1
a: no special abilities


You were on level 7 of the Dungeon.
You visited 1 branch of the dungeon, and saw 6 of its levels.
You also visited: Bailey.

You collected 312 gold pieces.

Inventory:

Hand Weapons
 b - a +0 dagger
 g - a +3 trident (weapon)
 r - a +0 trident
Armour
 d - the +9 scales of the Dragon King {rPois rF+ rC+ Will+}
   (You found it on level 4 of the Dungeon)

   rF:        It protects you from fire.
   rC:        It protects you from cold.
   rPois:     It protects you from poison.
   Will:      It increases your willpower.
 m - a +0 kite shield
Jewellery
 f - a +4 ring of slaying (left hand)
Wands
 a - a wand of charming (6)
 x - a wand of flame (19)
Scrolls
 e - a scroll of enchant armour
 h - 4 scrolls of teleportation
 l - a scroll of fog {unknown}
 n - a scroll of amnesia
 o - a scroll of holy word {unknown}
 p - 2 scrolls of enchant weapon {unknown}
 q - a scroll of identify
 u - a scroll of vulnerability {unknown}
 v - a scroll of summoning {unknown}
Potions
 c - 3 potions of lignification


   Skills:
 - Level 1.2 Fighting
 + Level 0.0 Polearms
 + Level 4.1 Armour
 - Level 3.7 Dodging
 - Level 1.4 Stealth
 + Level 3.2 Shields
 - Level 4.7 Spellcasting
 - Level 5.0 Ice Magic


You had 12 spell levels left.
You knew the following spells:

 Your Spells              Type           Power      Damage    Failure   Level
a - Freeze                Ice            100%       1d11      3%          1
b - Frozen Ramparts       Ice            58%        1d7       9%          3

Your spell library contained the following spells:

 Spells                   Type           Power      Damage    Failure   Level
 Ozocubu's Armour         Ice            29%        N/A       9%          3
 Summon Small Mammal      Summ           20%        N/A       21%         1
 Conjure Flame            Conj/Fire      5%         6-21      47%         3
 Ignite Poison            Fire/Tmut/Pois 5%         N/A       47%         3
 Summon Guardian Golem    Hex/Summ       5%         N/A       47%         3
 Hailstorm                Conj/Ice       17%        3d6       52%         4
 Sticky Flame             Conj/Fire      5%         2d3       86%         4
 Metabolic Englaciation   Hex/Ice        8%         N/A       86%         5
 Malign Gateway           Summ/Tloc      2%         N/A       100%        7


Dungeon Overview and Level Annotations

Branches:
Dungeon (5/15)             Bailey (visited)
 Temple: D:4-7

Altars:
Elyvilon
Trog
Vehumet

Shops:
D:1 [

Annotations:
D:4 2 transporters


Innate Abilities, Weirdness & Mutations

You are too large for most types of armour.
You have tough skin. (AC +1)
Your spells are a little harder to cast, but a little more powerful.


Message History

The wall freezes the orc!
You kill the orc!
The wall freezes the orc warrior.
The orc warrior hits you from afar with a +0 halberd!!
* * * LOW HITPOINT WARNING * * *
Your frozen ramparts will break if you move.
Continue?
The frozen ramparts melt away as you move.
Items here: ))) [.
Items here: ))) [.
There is a gate leading back out of this place here.
Things that are here:
a +0 trident; a +0 war axe The orc hits you from afar with a +0 trident.
* * * LOW HITPOINT WARNING * * *
Welcome back to the Dungeon!
There is an empty arch of ancient stone here.
You start resting.
Magic restored.
You start resting.
A centaur comes into view. It is wielding a +0 long sword.
A centaur is nearby!
A centaur is nearby!
A centaur is nearby!
Okay, then.
The centaur shouts!
The centaur unwields a +0 long sword.
The centaur wields a +0 shortbow.
The centaur shoots an arrow.
The arrow misses you.
You see here a +0 spear.
The centaur shoots an arrow.
The arrow misses you.
The centaur shoots an arrow.
The arrow completely misses you.
The centaur shoots an arrow.
The arrow hits you!
* * * LOW HITPOINT WARNING * * *
The centaur shoots an arrow.
The arrow closely misses you.
You see here a scroll labelled LAF TEMOFF.
The centaur unwields a +0 shortbow.
The centaur wields a +0 long sword.
The centaur closely misses you. The centaur barely misses you.
The centaur hits you with a +0 long sword.
* * * LOW HITPOINT WARNING * * *
The centaur kicks you.
You die...

#########.# #.#
#[### #...####
####......#
.........#.#
#####......#
.##.#####...)..#####
......c@?..)∩)......
###.######..)...####
.........#
########.## .# .# ..
#


You could see a centaur.

Vanquished Creatures
  Sigmund (D:3)
  An orc warrior (Bailey)
  A sky beast (D:7)
  A necrophage (D:7)
  2 phantoms
  2 hounds
  A centaur skeleton (D:5)
  An iguana (D:4)
  Terence (D:2)
  Jessica (D:2)
  Natasha (D:2)
  Robin (D:3)
  3 gnolls (D:4)
  5 adders
  An ufetubus (D:4)
  A worm (D:4)
  2 dart slugs
  15 orcs
  10 ball pythons
  10 bats
  8 endoplasms
  5 giant cockroaches
  18 goblins
  12 hobgoblins
  8 jackals
  2 kobolds
  2 quokkas
  3 frilled lizards
  7 rats
126 creatures vanquished.

Vanquished Creatures (others)
  7 plants (D:3)
7 creatures vanquished.

Grand Total: 133 creatures vanquished

Notes
Turn   | Place    | Note
-------+----------+-------------------------------------------
     0 | D:1      | KoroneIsBestGirl the Ogre Ice Elementalist began the quest
                  | for the Orb.
     0 | D:1      | Reached XP level 1. HP: 16/16 MP: 3/3
   132 | D:1      | Reached XP level 2. HP: 6/24 MP: 3/5
   436 | D:1      | Found Nipp's Armour Boutique.
   704 | D:1      | Got the Handbook of Snow and Calling
   737 | D:1      | Reached XP level 3. HP: 10/31 MP: 0/7
   946 | D:1      | Learned a level 3 spell: Frozen Ramparts
  1053 | D:1      | Reached skill level 4 in Ice Magic
  1659 | D:2      | Noticed a shining eye
  1662 | D:2      | Found a faded altar of an unknown god.
  1664 | D:2      | Noticed a golden eye
  1669 | D:2      | Noticed an eye of devastation
  1807 | D:2      | Noticed a golden eye
  1852 | D:2      | Noticed Jessica
  1852 | D:2      | Noticed Natasha
  1857 | D:2      | Killed Natasha
  1858 | D:2      | Reached XP level 4. HP: 37/39 MP: 2/9
  1858 | D:2      | Killed Jessica
  2097 | D:2      | Noticed Terence
  2106 | D:2      | Killed Terence
  2107 | D:2      | Reached XP level 5. HP: 34/45 MP: 2/10
  2960 | D:3      | Reached skill level 1 in Shields
  3106 | D:3      | Noticed Sigmund
  3116 | D:3      | Killed Sigmund
  3117 | D:3      | Reached XP level 6. HP: 38/53 MP: 4/12
  3221 | D:3      | Noticed Robin
  3246 | D:3      | Killed Robin
  3575 | D:3      | Found a bloodstained altar of Trog.
  3575 | D:3      | Found a radiant altar of Vehumet.
  3744 | D:3      | Found a white marble altar of Elyvilon.
  3963 | D:4      | Found a transporter.
  3991 | D:4      | Reached skill level 5 in Ice Magic
  3991 | D:4      | Reached XP level 7. HP: 39/59 MP: 12/14
  4116 | D:4      | Found a transporter.
  4138 | D:4      | Found the +9 scales of the Dragon King {rPois rF+ rC+
                  | Will+}
  4752 | D:5      | Entered Level 5 of the Dungeon
  4789 | D:4      | Reached skill level 1 in Fighting
  5401 | D:5      | Reached skill level 1 in Armour
  5907 | D:5      | You fall into a shaft and drop 2 floors!
  5912 | D:7      | Found a flagged portal.
  5932 | D:7      | Reached XP level 8. HP: 9/70 MP: 6/15
  6269 | Bailey   | Entered a bailey
  6297 | Bailey   | Gained mutation: Your spells are a little harder to cast,
                  | but a little more powerful. [potion of mutation]
  6899 | D:7      | HP: 1/70 [centaur (6)]
  6899 | D:7      | Slain by a centaur

Illustrated notes

Levels and vault maps discovered:
D:1:      wander_arrival_chamber, layout_loops_ring, serial_shops, shop
D:2:      layout_loops_corners, hellmonk_ecumenical_altar_watching_god,
          minmay_door_square, chequers_serial_rivers_marsh, uniq_terence,
          uniq_jessica, uniq_natasha
D:3:      layout_rooms, nicolae_overflow_hidden_temple, serial_bayou_lake_a,
          uniq_sigmund, uniq_robin
D:4:      gammafunk_cloud_chamber, layout_cave_pools
D:5:      layout_loops_ring, minmay_temple_entry_glassed_door,
          minmay_misc_feat_rows
D:7:      layout_loops_ring, enter_bailey_2, serial_shops, nicolae_diamond_shop,
          nicolae_shop_crystal, nicolae_square_shop, nicolae_square_shop,
          nicolae_shop_stone, uniq_joseph, uniq_crazy_yiuf_cottage

Skill      XL: |  1  2  3  4  5  6  7  8 |
---------------+-------------------------+-----
Dodging        | 2 3 |  3.7
Spellcasting   | 3 4 |  4.7
Ice Magic      | 4 5 |  5.0
Shields        | 2 3 |  3.2
Fighting       | 1 |  1.2
Armour         | 3 4 |  4.1
Stealth        | |  1.4

Action                   |  1- 3 |  4- 6 |  7- 9 || total
-------------------------+-------+-------+-------++-------
Melee: Unarmed           |    23 |       |       ||    23
       Dagger            |    18 |    24 |       ||    42
       Trident           |       |    22 |   130 ||   152
 Cast: Freeze            |    47 |    49 |     8 ||   104
       Frozen Ramparts   |     2 |     7 |     3 ||    12
  Use: Scroll            |       |     3 |       ||     3
       Potion            |       |       |     8 ||     8
 Stab: Sleeping          |       |     1 |     1 ||     2
       Invisible         |       |       |     1 ||     1
Armor: Robe              |    34 |    35 |     4 ||    73
       Gold dragon scale |       |       |   184 ||   184
       Skin              |       |       |    69 ||    69
Dodge: Dodged            |    50 |    48 |    48 ||   146

Table legend: (Time is in decaauts)
 A = Elapsed time spent in this place.
 B = Non-inter-level travel time spent in this place.
 C = Inter-level travel time spent in this place.
 D = Time resting spent in this place.
 E = Time spent auto-exploring this place.
 F = Levels seen in this place.
 G = Mean time per level.
                   A        B        C        D        E       F      G
               +--------+--------+--------+--------+--------+-----+--------+
         Total |   6993 |   6907 |     86 |   1701 |   4279 |   7 |  999.0 |
       Dungeon |   6385 |   6299 |     86 |   1195 |   4253 |   6 | 1064.2 |
        Bailey |    608 |    608 |      0 |    506 |     26 |   1 |  608.0 |
               +--------+--------+--------+--------+--------+-----+--------+

Top non-repeatable levels by time:
     D:4: 1612 daAuts
     D:1: 1541 daAuts
     D:2: 1308 daAuts
     D:3: 953 daAuts
  Bailey: 608 daAuts
     D:5: 578 daAuts
     D:7: 391 daAuts
